 Dungeon Crawl Stone Soup version 0.13.0-17-g5f0e85f (webtiles) character file.

3521 Impy the Basher (level 9, 0/93 HPs)
             Began as an Ogre Gladiator on Oct 21, 2013.
             Was a Priest of Okawaru.
             Slain by a komodo dragon (4 damage)
             ... on Level 8 of the Dungeon.
             The game lasted 00:28:48 (7413 turns).

Impy the Basher (Ogre Gladiator)                    Turns: 7413, Time: 00:28:48

HP   0/93        AC  7     Str 24      XL: 9   Next: 88%
MP  23/23        EV 10     Int 10      God: Okawaru [***...]
Gold 445         SH  0     Dex 12      Spells:  0 memorised, 24 levels left

Res.Fire  : . . .   See Invis. : .   d - +3,+0 giant spiked club
Res.Cold  : . . .   Warding    : .   b - +0 animal skin (curse)
Life Prot.: . . .   Conserve   : .   (shield restricted)
Res.Poison: .       Res.Corr.  : .   c - +0 cap
Res.Elec. : .       Clarity    : .   (no cloak)
Sust.Abil.: . .     Spirit.Shd : .   (gloves unavailable)
Res.Mut.  : .       Stasis     : .   (boots unavailable)
Res.Rott. : .       Flight     : .   (no amulet)
Saprovore : + . .                    a - ring of regeneration
                                     F - +2 ring of strength

@: non-regenerating, badly diseased, somewhat resistant to hostile enchantments,
unstealthy
A: unfitting armour, fast metabolism 1, saprovore 1, tough skin 1, wild magic 1,
AC +4, Dex +2
a: Heroism, Renounce Religion


You were on level 8 of the Dungeon.
You worshipped Okawaru.
Okawaru was most pleased with you.
You were not hungry.

You visited 2 branches of the dungeon, and saw 9 of its levels.

You collected 425 gold pieces.

Inventory:

Hand weapons
 d - a +3,+0 giant spiked club (weapon)
 n - a +2,-1 dwarven mace
Armour
 b - a cursed +0 animal skin (worn)
 c - a +0 cap (worn)
Magical devices
 p - a wand of slowing (18)
 u - a wand of enslavement (1)
 w - a wand of flame (4)
 x - a wand of disintegration (11)
 y - a wand of confusion (14) {unknown}
Comestibles
 f - 4 meat rations
 j - 3 rotting chunks of orc flesh
 v - 7 bread rations
 E - 6 beef jerkies
Scrolls
 e - 5 scrolls of teleportation
 g - a scroll of curse weapon
 i - 3 scrolls of identify
 k - a scroll of fear
 l - 2 scrolls of magic mapping
 o - 11 scrolls of remove curse
 q - a scroll of enchant armour
 z - a scroll of immolation
Jewellery
 a - a ring of regeneration (right hand)
 m - an uncursed ring of protection from cold
 t - an uncursed ring of see invisible
 F - a +2 ring of strength (left hand)
Potions
 s - 2 potions of restore abilities
 B - a potion of poison
 C - 2 potions of curing
 D - a potion of flight
Miscellaneous
 h - a plain deck of defence {Flight}


   Skills:
 + Level 10.2 Fighting
 + Level 11.0 Maces & Flails
 - Level 2.1 Throwing
 - Level 2.6 Dodging
 + Level 8.4 Spellcasting


You had 24 spell levels left.
You didn't know any spells.

Dungeon Overview and Level Annotations

Branches:
Dungeon (8/27)             Temple (1/1) D:5             Orc (0/4) D:8
   Lair (0/8) D:8

Altars:
Ashenzari
Cheibriados
Elyvilon
Fedhas
Kikubaaqudgha
Makhleb
Nemelex Xobeh
Okawaru
Sif Muna
Trog
Vehumet
Xom
Yredelemnul
Zin
the Shining One

Shops:
D:4 (

Annotations:
D:4 4tharraofdagon's ghost, average MfGl; Edmund


Innate Abilities, Weirdness & Mutations

You are too large for most types of armour.
You have a fast metabolism.
You can tolerate rotten meat.
You have tough skin (AC +1).
You are partially covered in iridescent scales (AC +4).
You are agile. (Dex +2)
Your spells are a little harder to cast, but a little more powerful.


Message History

You impale the komodo dragon!!
The komodo dragon is severely wounded.
The komodo dragon bites you.
You feel ill.
You closely miss the komodo dragon.
The komodo dragon is severely wounded.
The komodo dragon bites you!
You feel ill.
You barely miss the komodo dragon.
The komodo dragon is severely wounded.
The komodo dragon closely misses you.
You hit the komodo dragon.
The komodo dragon is almost dead.
The komodo dragon bites you!
* * * LOW HITPOINT WARNING * * *
You feel ill. The komodo dragon bites you!
* * * LOW HITPOINT WARNING * * *
You feel ill.
You hit the komodo dragon but do no damage.
The komodo dragon is almost dead.
The komodo dragon bites you.
You die...

#.#### #....#
#.#### . #.#
... #)###......
#.z........
#.##..8...> #.#
..... #@# ....
#######l# ...
##.......#### .
##...####....#
##P....###.####
#PPP....##.#
#PPP....##.#
#PPPP....#.#
#PPPP..P.#.#


You could see a komodo dragon and an orc skeleton.

Vanquished Creatures
  A two-headed ogre (D:7)
  A hungry ghost (D:8)
  Menkaure (D:6)
  An orc warrior (D:8)
  2 phantoms (D:8)
  2 sky beasts (D:8)
  3 ogres
  Duvessa (D:6)
  3 centaurs
  4 giant frogs
  A manticore skeleton (D:8)
  3 killer bees (D:7)
  2 troll zombies (D:8)
  A jelly (D:8)
  Dowan (D:6)
  4 crimson imps
  3 orc wizards (D:6)
  2 iguanas
  3 orc priests
  A scorpion (D:8)
  3 worker ants
  6 ogre zombies (D:8)
  A hound zombie (D:8)
  An ogre skeleton (D:3)
  A hound skeleton (D:6)
  9 adders
  3 gnolls (D:3)
  An inept item mimic (D:3)
  An inept feature mimic (D:4)
  2 giant mites
  6 worms
  A giant eyeball (D:5)
  11 giant geckos
  An ooze (D:4)
  13 orcs
  17 bats
  2 bat skeletons
  5 giant cockroaches
  6 hobgoblins
  10 kobolds
  2 ball pythons
  9 giant newts
  12 goblins
  A goblin zombie (D:8)
  2 hobgoblin skeletons
  A hobgoblin zombie (D:8)
  12 jackals
  3 orc skeletons
  6 orc zombies (D:8)
  4 quokkas
  9 rats
  5 ballistomycetes (D:6)
206 creatures vanquished.

Vanquished Creatures (collateral kills)
  3 gnolls (D:3)
  A jackal (D:3)
  A rat (D:7)
5 creatures vanquished.

Vanquished Creatures (others)
  A giant gecko (D:2)
  An orc (D:6)
  A giant spore (D:6)
  A plant (D:8)
4 creatures vanquished.

Grand Total: 215 creatures vanquished

Notes
Turn   | Place    | Note
--------------------------------------------------------------
     0 | D:1      | Impy, the Ogre Gladiator, began the quest for the Orb.
     0 | D:1      | Reached XP level 1. HP: 22/22 MP: 0/0
   155 | D:1      | Found a sparkling altar of Nemelex Xobeh.
   634 | D:1      | Reached XP level 2. HP: 29/29 MP: 1/1
   760 | D:1      | Reached skill level 1 in Spellcasting
   892 | D:1      | Reached XP level 3. HP: 30/37 MP: 3/3
  1470 | D:2      | Reached XP level 4. HP: 26/45 MP: 5/5
  1587 | D:2      | Reached skill level 5 in Maces & Flails
  2465 | D:3      | Reached XP level 5. HP: 51/53 MP: 7/7
  3383 | D:4      | Noticed 4tharraofdagon's ghost (average MfGl)
  3387 | D:4      | Gained mutation: You are partially covered in iridescent scales (AC +4). [potion of mutation]
  3387 | D:4      | Gained mutation: You are agile. (Dex +2) [potion of mutation]
  3387 | D:4      | Gained mutation: Your spells are a little harder to cast, but a little more powerful. [potion of mutation]
  3696 | D:4      | Noticed an ogre
  3711 | D:4      | Killed an ogre
  3711 | D:4      | Reached skill level 5 in Fighting
  3711 | D:4      | Reached skill level 6 in Maces & Flails
  3711 | D:4      | Reached XP level 6. HP: 21/62 MP: 9/11
  3865 | D:4      | Noticed Edmund
  3880 | D:4      | HP: 3/62 [Edmund/runed dire flail (3)]
  4026 | D:4      | Found Cuzerghal's Weapon Shop.
  4077 | D:5      | Entered Level 5 of the Dungeon
  4316 | D:5      | Reached XP level 7. HP: 31/71 MP: 13/13
  4470 | D:5      | Found a staircase to the Ecumenical Temple.
  4486 | Temple   | Entered the Ecumenical Temple
  4523 | Temple   | Became a worshipper of Warmaster Okawaru
  4601 | D:5      | Found a radiant altar of Vehumet.
  4647 | D:5      | Paralysed by a giant eyeball for 4 turns
  4823 | D:5      | Reached skill level 7 in Maces & Flails
  4912 | D:6      | Noticed Menkaure
  4916 | D:6      | Killed Menkaure
  4916 | D:6      | Reached skill level 5 in Spellcasting
  5062 | D:6      | Acquired Okawaru's first power
  5062 | D:6      | Reached XP level 8. HP: 68/80 MP: 17/17
  5171 | D:6      | Noticed an angel
  5173 | D:6      | Found a glowing silver altar of Zin.
  5174 | D:6      | Found a shimmering altar of Xom.
  5174 | D:6      | Noticed Duvessa
  5174 | D:6      | Noticed Dowan
  5199 | D:6      | Killed Duvessa
  5199 | D:6      | Reached skill level 8 in Maces & Flails
  5204 | D:6      | Killed Dowan
  5724 | D:7      | Reached skill level 9 in Maces & Flails
  5890 | D:7      | Reached XP level 9. HP: 91/91 MP: 21/21
  5898 | D:7      | Noticed a two-headed ogre
  5902 | D:7      | Killed a two-headed ogre
  6382 | D:7      | Found a shattered altar of Ashenzari.
  6395 | D:7      | Found a bloodstained altar of Trog.
  6429 | D:7      | Found a basalt altar of Yredelemnul.
  6457 | D:7      | Found a glowing golden altar of the Shining One.
  6758 | D:8      | Reached skill level 10 in Maces & Flails
  6840 | D:8      | Found a deep blue altar of Sif Muna.
  7121 | D:8      | Found a staircase to the Orcish Mines.
  7185 | D:8      | Reached skill level 10 in Fighting
  7242 | D:8      | HP: 3/93 [ogre zombie (12)]
  7279 | D:8      | Reached skill level 11 in Maces & Flails
  7379 | D:8      | Found a staircase to the Lair.
  7381 | D:8      | Noticed a komodo dragon
  7412 | D:8      | HP: 4/93 [komodo dragon (22)]
  7413 | D:8      | Slain by a komodo dragon

Action                   |  1- 3 |  4- 6 |  7- 9 || total
-------------------------+-------+-------+-------++-------
Melee: Mace              |   117 |   203 |     7 ||   327
       Giant spiked club |       |    65 |   292 ||   357
Throw: Throwing net      |     3 |     4 |     4 ||    11
Invok: Heroism           |       |       |     1 ||     1
Evoke: Wand              |       |     3 |     4 ||     7
  Use: Scroll            |       |    17 |    10 ||    27
       Potion            |       |     6 |     7 ||    13
 Stab: Sleeping          |     1 |     1 |       ||     2
